 Dungeon Crawl Stone Soup version 0.30-a0-4-ga7cffc901d (webtiles) character file.

Game seed: 14648654215633042062

12095 Setbun the Slicer (level 12, -7/73 HPs)
             Began as a Kobold Enchanter on Aug 20, 2022.
             Was a Believer of Wu Jian.
             Killed by divine providence
             ... invoked by a meliai
              (12 damage)
             ... on level 13 of the Dungeon.
             The game lasted 00:27:00 (14250 turns).

Setbun the Slicer (Kobold Enchanter)               Turns: 14250, Time: 00:27:01

Health: -7/73      AC:  6    Str:  6    XL:     12   Next: 15%
Magic:  15/23      EV: 20    Int: 23    God:    Wu Jian [**....]
Gold:   549        SH:  5    Dex: 19    Spells: 20/25 levels left

rFire   . . .      SeeInvis .    M - +3 dagger (speed)
rCold   . . .      Faith    .    r - orb {guile}
rNeg    + . .      Spirit   .    b - +0 robe
rPois   .          Reflect  +    (no helmet)
rElec   .          Harm     .    s - +0 cloak
rCorr   .          Rampage  .    t - +0 pair of gloves
Will    .....                    w - +1 pair of boots {Stlth+}
Stlth   +++++++...               j - amulet of reflection
HPRegen 0.22/turn                h - ring of positive energy
MPRegen 0.18/turn                Q - +6 ring of intelligence

@: confusing by touch
A: small, no large weapons, nightstalker 3
a: Renounce Religion, Wall Jump


You were on level 13 of the Dungeon.
You worshipped Wu Jian.
Wu Jian was pleased with you.
You visited 2 branches of the dungeon, and saw 12 of its levels.
You also visited: Bailey.

You collected 549 gold pieces.

Inventory:

Hand Weapons
 a - a +2 dagger
 y - a +1 sling of freezing
 M - a +3 dagger of speed (weapon)
 O - a +3 dagger of freezing
 R - a +4 dagger
Missiles
 D - a throwing net (quivered)
Armour
 b - a +0 robe (worn)
 r - an orb of guile (worn)
 s - a +0 cloak (worn)
 t - a +0 pair of gloves (worn)
 w - a +1 pair of boots of stealth (worn)
Jewellery
 h - a ring of positive energy (left hand)
 j - an amulet of reflection (around neck)
 m - a ring of protection from fire
 p - the amulet of Elemental Vulnerability {rPois rF-- rC-- AC+8}
   (You found it on level 2 of the Dungeon)

   [amulet of nothing]

   AC:        It affects your AC (+8).
   rF:        It makes you very vulnerable to fire.
   rC:        It makes you very vulnerable to cold.
   rPois:     It protects you from poison.
 J - a ring of positive energy
 Q - a +6 ring of intelligence (right hand)
 S - a ring of flight
Wands
 i - a wand of flame (48)
 z - a wand of charming (4)
 E - a wand of mindburst (34)
 I - a wand of light (1)
 K - a wand of polymorph (3)
Scrolls
 d - 2 scrolls of fog
 e - 13 scrolls of identify
 g - a scroll of fear
 l - a scroll of enchant weapon
 x - a scroll of blinking
 A - a scroll of torment {unknown}
 C - 3 scrolls of teleportation {unknown}
 F - a scroll of enchant armour {unknown}
 L - a scroll of brand weapon {unknown}
 N - a scroll of magic mapping
 T - 2 scrolls of amnesia {unknown}
Potions
 c - 2 potions of invisibility
 f - 3 potions of curing
 k - 4 potions of mutation {unknown}
 n - 2 potions of haste {unknown}
 o - 2 potions of ambrosia {unknown}
 q - a potion of flight {unknown}
 u - 2 potions of heal wounds {unknown}
 v - a potion of attraction {unknown}
 B - 2 potions of lignification {unknown}
 G - a potion of degeneration {unknown}
 H - a potion of might {unknown}
 P - a potion of berserk rage {unknown}


   Skills:
 + Level 7.7 Fighting
 * Level 13.0 Short Blades
 + Level 8.9 Dodging
 + Level 10.8 Stealth
 + Level 7.4 Spellcasting
 + Level 7.6 Hexes


You had 20 spell levels left.
You knew the following spells:

 Your Spells              Type           Power      Damage    Failure   Level
a - Ensorcelled Hibernat  Hex/Ice        52%        N/A       2%          2
b - Confusing Touch       Hex            43%        N/A       1%          3

Your spell library contained the following spells:

 Spells                   Type           Power      Damage    Failure   Level
 Tukima's Dance           Hex            43%        N/A       1%          3
 Dazzling Flash           Conj/Hex       52%        N/A       4%          3
 Beastly Appendage        Tmut           16%        N/A       8%          1
 Foxfire                  Conj/Fire      32%        2x1d5     8%          1
 Wereblood                Tmut           8%         N/A       11%         2
 Frozen Ramparts          Ice            16%        1d3       22%         3
 Gell's Gravitas          Tloc           8%         N/A       22%         3
 Ignite Poison            Fire/Tmut/Pois 8%         N/A       22%         3
 Lesser Beckoning         Tloc           8%         N/A       22%         3
 Mephitic Cloud           Conj/Pois/Air  8%         N/A       22%         3
 Spider Form              Tmut/Pois      8%         N/A       22%         3
 Teleport Other           Tloc           8%         N/A       22%         3
 Airstrike                Air            4%         2d(1-17)  58%         4
 Hailstorm                Conj/Ice       8%         3d4       58%         4
 Ice Form                 Ice/Tmut       8%         N/A       58%         4
 Sticky Flame             Conj/Fire      8%         2d3       58%         4
 Summon Ice Beast         Ice/Summ       8%         N/A       58%         4
 Eringya's Noxious Bog    Tmut/Pois      4%         N/A       100%        6


Dungeon Overview and Level Annotations

Branches:
Dungeon (13/15)            Temple (1/1) D:6            Lair (0/5) D:9
    Orc (0/2) D:9          Bailey (visited)
 Vaults: D:13-14

Altars:
Ashenzari
Cheibriados
Dithmenos
Elyvilon
Fedhas
Gozag
Hepliaklqana
Kikubaaqudgha
Makhleb
Nemelex Xobeh
Okawaru
Qazlal
Ru
Sif Muna
Trog
Uskayaw
Vehumet
Wu Jian
Xom
Yredelemnul
Zin
The Shining One

Shops:
D:8 (

Annotations:
D:5 Prince Ribbit


Innate Abilities, Weirdness & Mutations

You are small and have problems with some larger weapons.
You are completely attuned to the shadows.


Message History

The meliai is healed somewhat.
The meliai hits you with a +0 hand axe!
The meliai stings you but does no damage.
You block the meliai's attack. The meliai misses you.
You block the meliai's attack. The meliai stings you.
Casting: Ensorcelled Hibernation (safe; 2% risk of failure)
Confirm with . or Enter, or press ? or * to list all spells.
Aiming: Ensorcelled Hibernation (safe; 2% risk of failure)
Press: ? - help, Shift-Dir - straight line, f - you, p - meliai That would be overly suicidal.
Okay, then.
Unknown command.
Casting: Ensorcelled Hibernation (safe; 2% risk of failure)
Confirm with . or Enter, or press ? or * to list all spells.
You don't know that spell.
Casting: Ensorcelled Hibernation (safe; 2% risk of failure)
Confirm with . or Enter, or press ? or * to list all spells.
Your hands begin to glow red.
The meliai calls upon its god to heal the meliai.
The meliai's wounds heal themselves!
The meliai invokes the aid of its god against you.
Something smites you! The meliai closely misses you.
The meliai stings you but does no damage.
The meliai invokes the aid of its god against you.
Something smites you!
* * * LOW HITPOINT WARNING * * *
You feel better. The meliai misses you. The meliai stings you!
* * * LOW HITPOINT WARNING * * *
The meliai hits you with a +0 hand axe!
* * * LOW HITPOINT WARNING * * *
You block the meliai's attack. The meliai hits you with a +0 hand axe!
* * * LOW HITPOINT WARNING * * *
The meliai barely misses you. x2; The meliai closely misses you.
Okay, then.
Unknown command.
You are too injured to fight recklessly!
Aiming: Wall Jump
Press: ? - help, Dir - move target The meliai invokes the aid of its god against you.
Something smites you!
You die...

############# ..
#.....#.....##....
.............#.......
.....................
.....................
...............°○°...
..............)○@°...
...............○○○...
................y....
.............#y......
......... ..##.......
##..#...# ## ##....
##.#..### #...
...#.## ####.#


You could see 2 meliai.

Vanquished Creatures
  2 two-headed ogres (D:10)
  Pikel (D:5)
  Joseph (D:7)
  A gargoyle (Bailey)
  A meliai (D:13)
  Sigmund (D:5)
  A vampire (Bailey)
  Eustachio (D:6)
  28 yaks
  An acid dragon (D:8)
  4 water moccasins
  Duvessa (D:5)
  An ice beast (D:8)
  3 sky beasts
  4 orc warriors
  A black bear (D:4)
  3 ogres
  2 centaurs
  A kobold brigand (D:9)
  A phantom (D:5)
  A scorpion (D:5)
  A bullfrog (D:7)
  A gnoll sergeant (D:9)
  2 necrophages
  13 wights
  Dowan (D:5)
  3 killer bees (D:9)
  A howler monkey (D:10)
  8 vampire bats (Bailey)
  5 wolf zombies (Bailey)
  3 jellies
  7 orc priests
  Crazy Yiuf (D:2)
  3 hounds (D:4)
  4 gnoll boudas
  Terence (D:3)
  An iguana (D:7)
  12 orc wizards
  28 gnolls
  7 adders
  2 white imps (D:6)
  2 ufetubi (D:5)
  2 worms
  2 dart slugs
  38 orcs
  6 endoplasms
  2 giant cockroaches
  5 goblins
  7 hobgoblins
  2 quokkas
  4 ball pythons
  5 bats
  4 frilled lizards
  10 kobolds
  23 orc zombies (Bailey)
  5 rats
281 creatures vanquished.

Vanquished Creatures (others)
  10 plants (D:5)
10 creatures vanquished.

Grand Total: 291 creatures vanquished

Notes
Turn   | Place    | Note
-------+----------+-------------------------------------------
     0 | D:1      | Setbun the Kobold Enchanter began the quest for the Orb.
     0 | D:1      | Reached XP level 1. HP: 10/10 MP: 3/3
   120 | D:1      | Reached XP level 2. HP: 16/16 MP: 5/5
   354 | D:1      | Reached skill level 2 in Short Blades
   454 | D:1      | Found a faded altar of an unknown god.
   681 | D:2      | Reached XP level 3. HP: 20/20 MP: 6/6
   772 | D:2      | Found the amulet of Elemental Vulnerability {rPois rF--
                  | rC-- AC+8}
  1061 | D:2      | Reached skill level 1 in Fighting
  1564 | D:2      | Found a runed translucent door.
  1567 | D:2      | Noticed Crazy Yiuf
  1680 | D:2      | Reached XP level 4. HP: 25/25 MP: 7/7
  1791 | D:2      | Reached skill level 3 in Short Blades
  2075 | D:2      | Learned a level 2 spell: Ensorcelled Hibernation
  2079 | D:2      | Learned a level 3 spell: Confusing Touch
  2081 | D:2      | Killed Crazy Yiuf
  2082 | D:2      | Reached XP level 5. HP: 29/29 MP: 5/9
  2175 | D:3      | Found a shadowy altar of Dithmenos.
  2621 | D:3      | Noticed Terence
  2625 | D:3      | Killed Terence
  3081 | D:3      | Reached skill level 4 in Short Blades
  3089 | D:3      | Reached XP level 6. HP: 27/35 MP: 0/10
  3107 | D:3      | Reached skill level 5 in Stealth
  3819 | D:4      | Noticed a black bear
  3823 | D:4      | Killed a black bear
  3824 | D:4      | Reached XP level 7. HP: 40/40 MP: 11/11
  3827 | D:4      | Reached skill level 5 in Short Blades
  4767 | D:5      | Entered Level 5 of the Dungeon
  4768 | D:5      | Noticed Prince Ribbit
  4972 | D:5      | Noticed a water moccasin
  4977 | D:5      | Killed a water moccasin
  5313 | D:4      | Reached XP level 8. HP: 14/46 MP: 6/13
  5692 | D:5      | Noticed Pikel
  5708 | D:5      | Killed Pikel
  5709 | D:5      | Reached skill level 7 in Short Blades
  5709 | D:5      | Reached skill level 5 in Dodging
  5797 | D:5      | Found the +6 shillelagh "Devastator" {shatter}
  5951 | D:5      | Reached XP level 9. HP: 52/52 MP: 10/15
  6104 | D:5      | Noticed Duvessa
  6109 | D:5      | Noticed Dowan
  6114 | D:5      | Killed Duvessa
  6116 | D:5      | Killed Dowan
  6121 | D:5      | Reached skill level 5 in Hexes
  6407 | D:5      | Noticed Sigmund
  6438 | D:5      | Killed Sigmund
  6439 | D:5      | Reached skill level 8 in Short Blades
  6642 | D:5      | Found a white marble altar of Elyvilon.
  7322 | D:6      | Reached skill level 5 in Spellcasting
  7462 | D:6      | Found a staircase to the Ecumenical Temple.
  7625 | D:6      | Noticed Eustachio
  7634 | D:6      | Killed Eustachio
  7894 | D:6      | Reached skill level 5 in Fighting
  7894 | D:6      | Reached skill level 9 in Short Blades
  8267 | D:7      | Reached XP level 10. HP: 59/59 MP: 16/18
  9507 | D:7      | Noticed Joseph
  9513 | D:7      | Killed Joseph
  9514 | D:7      | Reached skill level 10 in Short Blades
  9848 | D:8      | Found Julum's Weapon Shop.
 10020 | D:8      | Found a flagged portal.
 10065 | Bailey   | Entered a bailey
 10229 | Bailey   | Got the Spellbook of Charred Intoxication
 10397 | Bailey   | Noticed a gargoyle
 10402 | Bailey   | Killed a gargoyle
 10901 | Bailey   | Identified the +1 ring mail "Kututalai" {rF+}
 11199 | D:8      | Found a stormy altar of Qazlal.
 11230 | D:8      | Reached skill level 11 in Short Blades
 11230 | D:8      | Reached XP level 11. HP: 59/64 MP: 13/20
 11289 | Temple   | Entered the Ecumenical Temple
 11303 | Temple   | Became a worshipper of the Wu Jian Council
 12219 | D:9      | Found a staircase to the Lair.
 12436 | D:9      | Reached * piety under Wu Jian
 13028 | D:9      | Reached skill level 12 in Short Blades
 13028 | D:9      | Reached skill level 10 in Stealth
 13131 | D:9      | Reached ** piety under Wu Jian
 13386 | D:9      | Found a staircase to the Orcish Mines.
 13682 | D:10     | Entered Level 10 of the Dungeon
 13857 | D:10     | Noticed a two-headed ogre
 13861 | D:10     | Killed a two-headed ogre
 13862 | D:10     | Reached XP level 12. HP: 72/72 MP: 19/22
 13987 | D:10     | Found a radiant altar of Vehumet.
 14021 | D:10     | Noticed a two-headed ogre
 14027 | D:10     | Killed a two-headed ogre
 14032 | D:10     | Reached skill level 13 in Short Blades
 14192 | D:10     | You fall into a shaft and drop 3 floors!
 14201 | D:13     | Got Loamepella's Witchcraft, Part Four
 14250 | D:13     | Killed from afar by a meliai

Illustrated notes

Levels and vault maps discovered:
D:1:      saegor_arrival_simple_b, layout_basic,
          hellmonk_ecumenical_altar_lost_god
D:2:      cheibrodos_helix_gallery, layout_basic, uniq_crazy_yiuf_cottage
D:3:      layout_loops_ring, mainiacjoe_overflow_boulevard, minmay_unequal,
          uniq_terence
D:4:      layout_loops_cross
D:5:      layout_loops_ring, nicolae_elyvilon_temple_path, st_stairs_11,
          dilly_guarded_unrand_devastator, uniq_prince_ribbit1, uniq_pikel,
          uniq_sigmund, uniq_duvessa
D:6:      layout_rooms, minmay_temple_entry_large_hall, hex_large,
          uniq_eustachio
D:7:      layout_layer_cave, uniq_joseph
D:8:      layout_rooms, amcnicky_altar_gilded, enter_bailey_8, serial_shops,
          nicolae_shop_waterfront, eino_tiny_chamber, feat_on_display
D:9:      layout_basic, lair_entry_dummy, david_orc_3
D:10:     layout_layer_cave, nicolae_vehumet_altar_sigil, serial_shops,
          kennysheep_little_box, kennysheep_generic_room_2
D:13:     layout_rooms, serial_shops, shop, dreamdust_princess_corridor,
          uniq_erolcha
Temple:   mainiacjoe_temple_coin_purse

Skill      XL: |  1  2  3  4  5  6  7  8  9 10 11 12 |
---------------+-------------------------------------+-----
Short Blades   | 2 3 4 5 7 9 11 12 13 | 13.0
Fighting       | 1 2 3 4 5 6 7 |  7.7
Dodging        | 3 4 5 6 7 8 |  8.9
Spellcasting   | 3 4 5 6 7 |  7.4
Stealth        | 5 6 8 9 10 | 10.8
Hexes          | 4 5 6 7 |  7.6

Action                   |  1- 3 |  4- 6 |  7- 9 | 10-12 || total
-------------------------+-------+-------+-------+-------++-------
Melee: Dagger            |    58 |   145 |   185 |   464 ||   852
       Punch             |       |     2 |     4 |     3 ||     9
       Unarmed           |       |       |       |    24 ||    24
 Cast: Ensorcelled Hiber |       |    12 |    68 |   101 ||   181
       Confusing Touch   |       |       |    10 |    23 ||    33
Invok: Lunge             |       |       |       |    22 ||    22
       Whirlwind         |       |       |       |     6 ||     6
 Abil: Wall Jump         |       |       |       |     1 ||     1
  Use: Potion            |     1 |       |     1 |     1 ||     3
       Scroll            |       |       |       |     7 ||     7
 Stab: Sleeping          |    16 |    25 |    52 |   108 ||   201
       Distracted        |       |     1 |       |     2 ||     3
       Confused          |       |       |     7 |    16 ||    23
Armor: Robe              |     4 |    19 |    26 |    87 ||   136
Dodge: Dodged            |    32 |    81 |   115 |   383 ||   611
Block: Other             |     4 |    23 |    33 |    29 ||    89
       Reflection        |       |     1 |       |     3 ||     4
       Orb               |       |       |       |    84 ||    84

Table legend: (Time is in decaauts)
 A = Elapsed time spent in this place.
 B = Non-inter-level travel time spent in this place.
 C = Inter-level travel time spent in this place.
 D = Time resting spent in this place.
 E = Time spent auto-exploring this place.
 F = Levels seen in this place.
 G = Mean time per level.
                   A        B        C        D        E       F      G
               +--------+--------+--------+--------+--------+-----+--------+
         Total |  13922 |  13308 |    614 |   3288 |   7858 |  13 | 1070.9 |
       Dungeon |  12788 |  12188 |    600 |   3130 |   7291 |  11 | 1162.5 |
        Temple |    169 |    156 |     13 |      0 |    138 |   1 |  169.0 |
        Bailey |    963 |    963 |      0 |    158 |    429 |   1 |  963.0 |
               +--------+--------+--------+--------+--------+-----+--------+

Top non-repeatable levels by time:
     D:7: 1811 daAuts
     D:5: 1661 daAuts
     D:2: 1643 daAuts
     D:4: 1631 daAuts
     D:9: 1386 daAuts
     D:3: 1376 daAuts
     D:6: 1232 daAuts
  Bailey: 963 daAuts
     D:8: 872 daAuts
     D:1: 616 daAuts
    D:10: 498 daAuts
  Temple: 169 daAuts
    D:13: 57 daAuts
